 Dungeon Crawl Stone Soup version 0.21.1-1-g345015f (webtiles) character file.

19907 prawnwizard the Severer (level 12, -1/110 HPs)
             Began as a Minotaur Berserker on June 30, 2018.
             Was the Champion of Trog.
             Splashed by a brown ugly thing's acid (7 damage)
             ... on level 12 of the Dungeon.
             The game lasted 00:35:28 (9242 turns).

prawnwizard the Severer (Minotaur Berserker)        Turns: 9242, Time: 00:35:28

Health: -1/110     AC: 10    Str: 27    XL:     12   Next: 40%
Magic:  11/11      EV: 19    Int:  4    God:    Trog [******]
Gold:   982        SH:  0    Dex: 10    Spells: 11/11 levels left

rFire    . . .     SeeInvis .   v - +0 battleaxe (flame)
rCold    + . .     Gourm    .   (shield currently unavailable)
rNeg     . . .     Faith    +   t - +2 ring mail {rC+}
rPois    +         Spirit   .   (helmet restricted)
rElec    .         Reflect  .   (no cloak)
rCorr    .         Harm     .   (no gloves)
MR       .....                  E - +0 pair of boots
Stlth    +.........             G - amulet of faith
HPRegen  0.28/turn              h - ring of poison resistance
MPRegen  0.12/turn              f - +5 ring of evasion

@: no status effects
A: retaliatory headbutt, horns 2
a: Berserk, Trog's Hand, Brothers in Arms, Burn Spellbooks, Renounce Religion


You were on level 12 of the Dungeon.
You worshipped Trog.
Trog was exalted by your worship.
You were not hungry.

You visited 1 branch of the dungeon, and saw 12 of its levels.

You collected 982 gold pieces.

Inventory:

Hand Weapons
 o - a +0 war axe
 v - a +0 battleaxe of flaming (weapon)
 w - a +0 war axe of flaming
Armour
 m - a +2 ring mail of poison resistance
 t - a +2 ring mail of cold resistance (worn)
 E - a +0 pair of boots (worn)
 K - a cursed -2 plate armour
Jewellery
 f - a +5 ring of evasion (right hand)
 h - a ring of poison resistance (left hand)
 x - an uncursed ring of stealth
 G - an amulet of faith (around neck)
 L - a cursed ring of loudness {unknown}
 M - a +3 ring of evasion
Wands
 z - a wand of iceblast (16)
 A - a wand of polymorph (18)
 F - a wand of enslavement (14)
 H - a wand of random effects (25)
 I - a wand of digging (9)
Scrolls
 a - 8 scrolls of remove curse
 b - a scroll of fear {unknown}
 g - 12 scrolls of identify
 j - 4 scrolls of fog
 n - 4 scrolls of teleportation
 q - 2 scrolls of enchant armour
 s - 3 scrolls of amnesia {unknown}
 y - 3 scrolls of enchant weapon {unknown}
 C - a scroll of acquirement {unknown}
 P - a scroll of summoning {unknown}
Potions
 d - 6 potions of heal wounds
 e - 4 potions of haste {unknown}
 i - a potion of invisibility {unknown}
 k - a potion of magic {unknown}
 l - a potion of berserk rage {unknown}
 p - a potion of flight {unknown}
 r - 2 potions of lignification {unknown}
 u - a potion of brilliance {unknown}
 B - 2 potions of curing
 D - a potion of cancellation {unknown}
 J - a potion of agility {unknown}
 N - a potion of might {unknown}
 O - a potion of degeneration {unknown}
Comestibles
 c - 22 rations


   Skills:
 + Level 11.0 Fighting
 * Level 17.7 Axes
 + Level 10.0 Armour
 + Level 7.3 Dodging
 - Level 1.0 Stealth


You had 11 spell levels left.
You didn't know any spells.

Dungeon Overview and Level Annotations

Branches:
Dungeon (12/15)            Temple (0/1) D:4            Lair (0/6) D:11
    Orc (0/2) D:10

Altars:
Cheibriados
Dithmenos
Elyvilon
Hepliaklqana
Kikubaaqudgha
Makhleb
Okawaru
Qazlal
Ru
Trog
Uskayaw
Vehumet
Wu Jian
The Shining One

Shops:
D:9 *


Innate Abilities, Weirdness & Mutations

You reflexively headbutt those who attack you in melee.
You have a pair of horns on your head.


Message History

Things that are here:
a giant spiked club; a giant club
c - 22 rations (gained 1)
A brown ugly thing comes into view.
The brown ugly thing gurgles horribly!
The brown ugly thing completely misses you.
You furiously retaliate!
You headbutt the brown ugly thing. The brown ugly thing gores you.
You are splashed with acid!
The acid burns!
* * * LOW HITPOINT WARNING * * *
The brown ugly thing gores you but does no damage.
The brown ugly thing misses you. You furiously retaliate!
You headbutt the brown ugly thing. The brown ugly thing gores you!
* * * LOW HITPOINT WARNING * * *
You are splashed with acid!
The acid burns!
* * * LOW HITPOINT WARNING * * *
The brown ugly thing gores you!
* * * LOW HITPOINT WARNING * * *
You are splashed with acid!
The acid burns!
You die...

.. .# #. .## ..# #.#..## ..#
#..... # ..# #..(# .##<.#
#.# .....## #(# #.....# #)#
.._. #..##.# #@# C..
...##[### #u# ######
....#...### ##.# #$$$$##
#....##...# #..##......#
##.#....#.## #...##....#
....##.....####....#8).8#...
.(#......#......)..().......
..#......#.##...#####.......
..##....##.####..# .......


You could see a brown ugly thing.

Vanquished Creatures
  Josephine (D:10)
  4 two-headed ogres
  An unseen horror (D:10)
  A glowing orange brain (shapeshifter) (D:12)
  Pikel (D:4)
  2 ugly things (D:11)
  3 cyclopes (D:12)
  A deep elf mage (D:12)
  A manticore (D:12)
  A komodo dragon (D:11)
  4 polar bears (D:10)
  A troll (D:9)
  Grinder (D:5)
  A hornet (D:11)
  2 hippogriffs
  A wyvern (D:11)
  Sigmund (D:5)
  4 yaks
  A spriggan (D:8)
  2 wraiths (D:10)
  A hungry ghost (D:12)
  A basilisk (D:11)
  An acid dragon (D:12)
  2 insubstantial wisps (D:10)
  Duvessa (D:5)
  8 orc warriors
  A swamp drake (D:11)
  7 sky beasts
  A hornet zombie (D:6)
  A phantom (D:12)
  3 black bears
  A slave (D:4)
  3 ice beasts
  A necrophage (D:8)
  7 centaurs
  5 ogres
  A wolf (D:10)
  2 crocodiles
  Blork the orc (D:5)
  A big kobold (D:11)
  4 bullfrogs
  Dowan (D:5)
  A water moccasin skeleton (D:7)
  3 scorpions
  8 killer bees
  5 wights (D:7)
  6 howler monkeys
  6 crimson imps
  A quasit (D:11)
  2 jellies
  11 orc wizards
  9 orc priests
  2 centaur skeletons
  A gnoll shaman (D:9)
  A hound (D:4)
  3 iguanas
  A bullfrog skeleton (D:9)
  8 worker ants
  A killer bee zombie (D:6)
  A bullfrog simulacrum (D:10)
  2 hound skeletons
  A worker ant zombie (D:6)
  9 gnolls
  18 adders
  4 shadow imps
  4 white imps (D:10)
  2 ufetubi (D:10)
  3 oozes
  4 adder skeletons
  A worm (D:3)
  2 dart slugs
  13 leopard geckos
  28 orcs
  3 ball pythons
  12 bats
  3 giant cockroaches
  13 goblins
  8 hobgoblins
  11 jackals
  8 quokkas
  9 frilled lizards
  A jackal skeleton (D:6)
  13 kobolds
  A leopard gecko skeleton (D:7)
  A leopard gecko zombie (D:5)
  6 rats
  A bush (D:1)
339 creatures vanquished.

Vanquished Creatures (collateral kills)
  A tengu reaver (D:12)
  An ettin (D:12)
  A kobold demonologist (D:12)
  3 wraiths
  An orc warrior (D:10)
  A necrophage (D:8)
  An ogre (D:8)
  A centaur (D:10)
  A big kobold (D:12)
  A bullfrog (D:12)
  2 orc priests (D:8)
  4 worker ants
  A white imp (D:10)
  An ufetubus (D:10)
  2 orcs
  3 kobolds (D:12)
25 creatures vanquished.

Vanquished Creatures (others)
  A steam dragon (D:10)
  A white imp (D:10)
  An orc (D:4)
  A plant (D:7)
4 creatures vanquished.

Grand Total: 368 creatures vanquished

Notes
Turn   | Place    | Note
-------+----------+-------------------------------------------
     0 | D:1      | prawnwizard the Minotaur Berserker began the quest for the Orb.
     0 | D:1      | Reached XP level 1. HP: 19/19 MP: 0/0
   115 | D:1      | Reached XP level 2. HP: 24/27 MP: 1/1
   118 | D:1      | Reached skill level 4 in Axes
   355 | D:1      | Reached XP level 3. HP: 33/33 MP: 2/2
   490 | D:1      | Reached ** piety under Trog
   968 | D:2      | Reached XP level 4. HP: 41/41 MP: 3/3
  1160 | D:2      | Reached skill level 5 in Axes
  1214 | D:2      | Reached XP level 5. HP: 45/47 MP: 4/4
  1497 | D:3      | Reached *** piety under Trog
  1528 | D:3      | Reached skill level 5 in Fighting
  2133 | D:4      | Noticed an ogre
  2141 | D:4      | Killed an ogre
  2141 | D:4      | Reached skill level 6 in Axes
  2141 | D:4      | Reached XP level 6. HP: 32/56 MP: 5/5
  2182 | D:4      | Reached skill level 5 in Armour
  2454 | D:4      | Reached XP level 7. HP: 46/61 MP: 6/6
  2468 | D:4      | Found a staircase to the Ecumenical Temple.
  2659 | D:4      | Found an iron altar of Okawaru.
  2659 | D:4      | Found an ornate altar of the Wu Jian Council.
  2767 | D:4      | Noticed Pikel
  2776 | D:4      | Killed Pikel
  2776 | D:4      | Reached **** piety under Trog
  2776 | D:4      | Reached skill level 8 in Axes
  2776 | D:4      | Reached XP level 8. HP: 64/70 MP: 7/7
  2936 | D:5      | Entered Level 5 of the Dungeon
  2954 | D:5      | Noticed Duvessa
  2956 | D:5      | Noticed Dowan
  2961 | D:5      | Killed Duvessa
  2966 | D:5      | Killed Dowan
  2966 | D:5      | Reached skill level 9 in Axes
  3081 | D:5      | Found a stormy altar of Qazlal.
  3084 | D:5      | Noticed Grinder
  3085 | D:5      | Noticed Sigmund
  3094 | D:5      | Noticed Blork the orc
  3098 | D:5      | Killed Sigmund
  3099 | D:5      | Paralysed by Grinder for 5 turns
  3106 | D:5      | Killed Grinder
  3110 | D:5      | Killed Blork the orc
  3261 | D:5      | Reached skill level 10 in Axes
  3452 | D:5      | Reached XP level 9. HP: 47/78 MP: 8/8
  4387 | D:6      | Reached skill level 11 in Axes
  4495 | D:7      | Reached ***** piety under Trog
  4597 | D:7      | Reached skill level 5 in Dodging
  4733 | D:7      | Found a snail-covered altar of Cheibriados.
  4774 | D:7      | Reached skill level 12 in Axes
  5003 | D:7      | Reached XP level 10. HP: 67/88 MP: 9/9
  5851 | D:8      | Noticed a two-headed ogre
  5856 | D:8      | Killed a two-headed ogre
  5856 | D:8      | Reached skill level 1 in Stealth
  5926 | D:8      | Reached skill level 13 in Axes
  6116 | D:9      | Found Otimic Baint's General Store.
  6139 | D:9      | Noticed a two-headed ogre
  6149 | D:9      | Killed a two-headed ogre
  6160 | D:9      | Noticed a two-headed ogre
  6164 | D:9      | Killed a two-headed ogre
  6164 | D:9      | Reached skill level 14 in Axes
  6203 | D:9      | Found a white marble altar of Elyvilon.
  6582 | D:9      | Found a shadowy altar of Dithmenos.
  6583 | D:9      | Found a hide-covered altar of Uskayaw.
  6585 | D:9      | Found a burning altar of Makhleb.
  6588 | D:9      | Found a sacrificial altar of Ru.
  6589 | D:9      | Found a glowing golden altar of the Shining One.
  6589 | D:9      | Found an ancient bone altar of Kikubaaqudgha.
  6589 | D:9      | Found a radiant altar of Vehumet.
  6591 | D:9      | Found a bloodstained altar of Trog.
  6594 | D:9      | Found a hazy altar of Hepliaklqana.
  6605 | D:9      | You fall through a shaft!
  6605 | D:10     | Entered Level 10 of the Dungeon
  6607 | D:10     | Noticed Josephine
  6616 | D:10     | Reached XP level 11. HP: 97/97 MP: 10/10
  6617 | D:10     | Killed an unseen horror
  6618 | D:10     | Killed Josephine
  6844 | D:10     | Reached skill level 15 in Axes
  7133 | D:10     | Reached ****** piety under Trog
  7238 | D:10     | Found a staircase to the Orcish Mines.
  7471 | D:10     | Reached skill level 10 in Fighting
  7972 | D:11     | Noticed a white ugly thing
  7987 | D:11     | Killed a white ugly thing
  8369 | D:11     | Noticed a green ugly thing
  8375 | D:11     | Killed a green ugly thing
  8375 | D:11     | Reached skill level 16 in Axes
  8580 | D:11     | Received a gift from Trog
  8677 | D:11     | Found a staircase to the Lair.
  9089 | D:12     | Reached XP level 12. HP: 71/107 MP: 11/11
  9162 | D:12     | Noticed a tengu reaver
  9163 | D:12     | Noticed an ettin
  9167 | D:12     | Killed an ettin
  9169 | D:12     | Reached skill level 17 in Axes
  9172 | D:12     | Killed a tengu reaver
  9172 | D:12     | Reached skill level 10 in Armour
  9174 | D:12     | Found a bloodstained altar of Trog.
  9202 | D:12     | Noticed a two-headed ogre
  9210 | D:12     | Killed a two-headed ogre
  9242 | D:12     | Splashed by a brown ugly thing's acid

Skill      XL: |  1  2  3  4  5  6  7  8  9 10 11 12 |
---------------+-------------------------------------+-----
Axes           | 4 5 6 8 10 12 14 16 17 | 17.7
Fighting       | 4 5 6 8 9 10 11 | 11.0
Armour         | 3 4 5 6 8 9 10 | 10.0
Dodging        | 3 4 5 6 7 |  7.3
Stealth        | 1 |  1.0

Action                   |  1- 3 |  4- 6 |  7- 9 | 10-12 || total
-------------------------+-------+-------+-------+-------++-------
Melee: Hand axe          |   130 |   102 |       |       ||   232
       Headbutt          |    25 |    29 |    43 |    62 ||   159
       War axe           |       |    32 |   223 |   259 ||   514
       Battleaxe         |       |       |       |   108 ||   108
Invok: Berserk           |       |       |     5 |     6 ||    11
       Burn Spellbooks   |       |       |     1 |     2 ||     3
       Brothers in Arms  |       |       |       |     4 ||     4
  Use: Scroll            |       |     6 |     1 |     1 ||     8
 Stab: Distracted        |       |       |       |     1 ||     1
  Eat: Chunk             |       |     4 |    11 |     9 ||    24
       Ration            |       |     1 |       |     4 ||     5
Armor: Scale mail        |    32 |    60 |    60 |       ||   152
       Animal skin       |     1 |       |       |       ||     1
       Ring mail         |       |       |    15 |   100 ||   115
Dodge: Dodged            |    49 |    83 |   123 |   347 ||   602
